 Dungeon Crawl Stone Soup version 0.17.1-1-g73c8601 (webtiles) character file.

15745 RepoMan the Cleaver (level 12, -2/94 HPs)
             Began as a Minotaur Warper on Dec 10, 2015.
             Was an Elder of Dithmenos (penitent).
             Killed themself with a badly aimed fireball (7 damage)
             ... on level 4 of the Lair of Beasts on Dec 15, 2015.
             The game lasted 02:36:17 (17369 turns).

RepoMan the Cleaver (Minotaur Warper)              Turns: 17369, Time: 02:36:17

Health: -2/94      AC: 11    Str: 24    XL:     12   Next: 3%
Magic:  1/19       EV: 15    Int: 13    God:    Dithmenos [*]
Gold:   815        SH:  0    Dex: 13    Spells: 7 memorised, 6 levels left

rFire  . . .     SeeInvis .     a - +0 broad axe (chop)
rCold  + . .     Clarity  .     H - +1 ring mail {rC+}
rNeg   . . .     SustAt   .     (no shield)
rPois  .         Gourm    .     (helmet restricted)
rElec  .         Spirit   .     r - +1 cloak
rCorr  .         Warding  .     (no gloves)
rMut   .         Stasis   .     K - +0 pair of boots
MR     .....                    (no amulet)
Stlth  +.........               n - +2 ring of strength
                                E - +2 ring of dexterity

@: mighty, lethally poisoned (-2 -> -36), not resistant to hostile enchantments,
very unstealthy
A: retaliatory headbutt, horns 2
a: Renounce Religion


You were on level 4 of the Lair of Beasts.
You worshipped Dithmenos.
Dithmenos was demanding penance.
You were not hungry.

You visited 3 branches of the dungeon, and saw 16 of its levels.
You also visited: Labyrinth and Sewer.

You collected 815 gold pieces.

Inventory:

Hand Weapons
 a - a +0 broad axe of chopping (weapon)
 b - a +2 blowgun of evasion
 d - a +2 demon blade of electrocution
Missiles
 g - 76 poisoned needles
 x - 11 bolts
Armour
 r - a +1 cloak (worn)
 H - a +1 ring mail of cold resistance (worn)
 K - a +0 pair of boots (worn)
Jewellery
 n - a +2 ring of strength (right hand)
 E - a +2 ring of dexterity (left hand)
Wands
 l - a wand of slowing (27)
 m - a wand of random effects (16)
 B - a wand of frost (2)
 C - a wand of frost (10)
 N - a wand of magic darts (10)
 O - a wand of magic darts (32)
Scrolls
 i - a scroll of identify
 p - a scroll of amnesia
 q - 5 scrolls of remove curse
 s - 6 scrolls of teleportation
 y - 2 scrolls of magic mapping
 D - 3 scrolls of immolation {unknown}
 L - 2 scrolls of recharging {unknown}
 Q - a scroll of vulnerability {unknown}
 R - a scroll of fear {unknown}
Potions
 h - a potion of flight
 z - 2 potions of curing
 A - 3 potions of brilliance
 T - a potion of mutation {unknown}
 V - a potion of degeneration {unknown}
Books
 c - a book of Spatial Translocations

   Spells                             Type                      Level
   a - Apportation                    Translocation                1
   b - Blink                          Translocation                2
   c - Shroud of Golubria             Charms/Translocation         2
   d - Portal Projectile              Translocation                3
   e - Teleport Other                 Translocation                3
   f - Passage of Golubria            Translocation                4
Comestibles
 f - 7 bread rations
 j - a slice of pizza
 o - 7 meat rations


   Skills:
 + Level 5.6 Fighting
 * Level 12.5 Axes
 - Level 1.0 Throwing
 + Level 8.8 Armour
 + Level 8.4 Dodging
 + Level 5.4 Spellcasting
 + Level 3.1 Charms
 + Level 7.0 Translocations


You had 6 spell levels left.
You knew the following spells:

 Your Spells              Type           Power        Failure   Level  Hunger
a - Apportation           Tloc           ###.......   1%          1    None
b - Blink                 Tloc           N/A          2%          2    ##.....
c - Shroud of Golubria    Chrm/Tloc      ###.......   8%          2    ##.....
m - Repel Missiles        Chrm/Air       #.....       24%         2    ##.....
o - Teleport Other        Tloc           ###.....     6%          3    ###....
p - Portal Projectile     Tloc           ###...       6%          3    ###....
s - Swiftness             Chrm/Air       #.......     24%         2    ##.....


Dungeon Overview and Level Annotations

Branches:
Dungeon (11/15)            Temple (1/1) D:5            Lair (4/8) D:8
  Swamp (0/4) Lair:3          Orc (0/4) D:10
  Snake: Lair:3-6    Spider: Lair:3-6

Altars:
Ashenzari
Cheibriados
Dithmenos
Elyvilon
Fedhas
Gozag
Kikubaaqudgha
Makhleb
Nemelex Xobeh
Okawaru
Qazlal
Ru
Sif Muna
Trog
Vehumet
Xom
Yredelemnul
Zin
The Shining One

Annotations:
Lair:4 Rupert


Innate Abilities, Weirdness & Mutations

You reflexively headbutt those who attack you in melee.
You have a pair of horns on your head.


Message History

Okay, then.
Drink which item? (? for menu, Esc to quit)
You feel very mighty all of a sudden.
Rupert hits you with a great mace of venom!!
* * * LOW HITPOINT WARNING * * *
You are lethally poisoned!
Evoke which item? (* to show all) (? for menu, Esc to quit)
Zapping:
m - a wand of random effects (will waste charges)
Press: ? - help, Shift-Dir - straight line, f/p - Rupert
Aim: Rupert, wielding a great mace of venom and wearing a glowing leather armour (heavily wounded, berserk, fast, unusually strong, poisoned, umbra) Dithmenos does not appreciate your starting fires!
You feel very guilty. "You will pay for your transgression, mortal!"
Your aura of darkness fades away.
The fireball explodes!
The fireball engulfs Rupert.
Rupert resists.
Rupert is heavily wounded.
The fireball engulfs the plant.
The plant is lightly damaged.
The fireball engulfs you!
You die...

.... ##..............
..... #..............# #
.....##.#.(..........##
...
....#..P.....(.......#....
.....#...(...(....#...#
..#...#.......((((.#
#....#........##.((....
###
##...####..@....#.P..(..
....##.#.##
#.#P@#.###.......
....P.#...# ########
#...... ........### ......
.......<.# ......
.###.P..## ...... ###...
##..# #... ##.#.


You could see Rupert (berserk).

Vanquished Creatures
  Pikel (D:6)
  3 black mambas
  5 komodo dragons
  7 spiny frogs
  A spriggan (Lair:2)
  15 yaks
  A wyvern (Lair:2)
  5 hippogriffs
  A soldier ant (D:11)
  9 wolves
  2 water moccasins
  7 porcupines
  2 ice beasts
  A sky beast (D:7)
  An orc warrior (D:7)
  2 black bears
  3 slaves (D:6)
  4 centaurs
  A wasp (D:10)
  6 crocodiles
  5 ogres
  3 phantoms
  A big kobold (D:11)
  8 giant frogs
  7 wights (D:8)
  5 scorpions
  7 electric eels (Lair:3)
  4 killer bees (D:9)
  4 crimson imps
  2 giant frog skeletons
  9 orc priests
  8 hounds
  5 iguanas
  6 jellies
  10 orc wizards
  5 worker ants
  11 sheep
  A hound zombie (D:5)
  2 worker ant zombies
  4 shadow imps
  13 adders
  10 river rats
  5 oozes (D:9)
  2 worms (D:4)
  9 giant geckos
  55 orcs
  8 ball pythons (D:2)
  10 giant cockroaches
  6 goblins
  5 hobgoblins
  13 jackals
  5 quokkas
  9 bats
  14 giant newts
  8 kobolds
  A quokka zombie (D:5)
  10 rats
  2 fungi
  A plant (Lair:3)
370 creatures vanquished.

Vanquished Creatures (others)
  A slave (D:6)
  A bush (Lair:3)
  2 fungi
  2 plants (Lair:3)
6 creatures vanquished.

Grand Total: 376 creatures vanquished

Notes
Turn   | Place    | Note
--------------------------------------------------------------
     0 | D:1      | RepoMan the Minotaur Warper began the quest for the Orb.
     0 | D:1      | Reached XP level 1. HP: 18/18 MP: 1/1
   205 | D:1      | Reached XP level 2. HP: 25/25 MP: 3/3
   209 | D:1      | Learned a level 2 spell: Blink
   755 | D:2      | Reached skill level 3 in Axes
   932 | D:2      | Reached XP level 3. HP: 30/30 MP: 4/4
  1168 | D:2      | Reached XP level 4. HP: 32/37 MP: 5/5
  1172 | D:2      | Learned a level 2 spell: Shroud of Golubria
  1323 | D:2      | Found an ancient bone altar of Kikubaaqudgha.
  1578 | D:3      | Found a stormy altar of Qazlal.
  1635 | D:3      | Reached skill level 4 in Axes
  1635 | D:3      | Reached XP level 5. HP: 37/42 MP: 6/6
  1877 | D:3      | Found an opulent altar of Gozag.
  1917 | D:3      | Reached XP level 6. HP: 7/50 MP: 6/8
  2155 | D:3      | Found a glowing drain.
  2184 | Sewer    | Entered a sewer
  2507 | Sewer    | Reached skill level 5 in Axes
  2740 | D:4      | Reached XP level 7. HP: 54/56 MP: 7/9
  2748 | D:4      | Learned a level 3 spell: Teleport Other
  3409 | D:4      | Found a snail-covered altar of Cheibriados.
  4183 | D:5      | Entered Level 5 of the Dungeon
  4186 | D:5      | Found a staircase to the Ecumenical Temple.
  4196 | Temple   | Entered the Ecumenical Temple
  4261 | Temple   | Became a worshipper of Dithmenos the Shadowed
  4405 | D:5      | Found a blossoming altar of Fedhas.
  4415 | D:5      | Reached skill level 6 in Axes
  4602 | D:5      | Reached XP level 8. HP: 11/62 MP: 5/11
  5263 | D:5      | Found a shattered altar of Ashenzari.
  5641 | D:5      | Learned a level 3 spell: Portal Projectile
  5701 | D:6      | Noticed Pikel
  5755 | D:6      | Reached * piety under Dithmenos
  5755 | D:6      | Reached skill level 7 in Axes
  5772 | D:6      | Reached skill level 5 in Armour
  6344 | D:6      | Killed Pikel
  6344 | D:6      | Reached skill level 8 in Axes
  6344 | D:6      | Reached skill level 5 in Dodging
  6344 | D:6      | Reached skill level 5 in Translocations
  6344 | D:6      | Reached XP level 9. HP: 26/71 MP: 4/13
  6773 | D:7      | Upgraded the game from 0.17.0-73-gb648821 to 0.17.1-1-g73c8601
  7365 | D:7      | Reached skill level 5 in Fighting
  7649 | D:7      | Reached ** piety under Dithmenos
  7763 | D:7      | Reached skill level 9 in Axes
  7793 | D:7      | Found a white marble altar of Elyvilon.
  7946 | D:8      | Got an ancient lapis lazuli ring
  7954 | D:8      | Found a burning altar of Makhleb.
  8373 | D:8      | Reached XP level 10. HP: 66/82 MP: 8/14
  8549 | D:8      | Identified the ring "Wygomomi" {*Contam +Fly rN++ MR+ MP+9} (You found it on level 8 of the Dungeon)
  8621 | D:8      | Found a staircase to the Lair.
  8842 | Lair:1   | Entered Level 1 of the Lair of Beasts
  8932 | Lair:1   | Reached *** piety under Dithmenos
  9007 | Lair:1   | Found a labyrinth entrance.
  9012 | Lab      | Entered a labyrinth
  9301 | Lab      | Noticed a minotaur
  9702 | Lair:1   | Noticed a black mamba
  9717 | Lair:1   | Killed a black mamba
  9717 | Lair:1   | Reached skill level 10 in Axes
  9717 | Lair:1   | Reached skill level 1 in Charms
 11104 | Lair:2   | Noticed a black mamba
 11112 | Lair:2   | Killed a black mamba
 11867 | D:9      | Reached XP level 11. HP: 42/88 MP: 13/16
 12326 | D:9      | Reached skill level 11 in Axes
 12438 | D:10     | Entered Level 10 of the Dungeon
 12647 | D:10     | Found a staircase to the Orcish Mines.
 14025 | D:11     | Noticed a hill giant
 14470 | Lair:2   | Reached skill level 5 in Spellcasting
 15036 | Lair:2   | Reached **** piety under Dithmenos
 15288 | Lair:2   | Learned a level 2 spell: Repel Missiles
 15291 | Lair:2   | Learned a level 2 spell: Swiftness
 15367 | Lair:3   | Reached skill level 12 in Axes
 15685 | Lair:3   | Found a staircase to the Swamp.
 16855 | Lair:3   | Reached XP level 12. HP: 90/94 MP: 15/19
 17329 | Lair:4   | Noticed Rupert
 17369 | Lair:4   | Was placed under penance by Dithmenos
 17369 | Lair:4   | Killed themself with a badly aimed fireball

Action                   |  1- 3 |  4- 6 |  7- 9 | 10-12 || total
-------------------------+-------+-------+-------+-------++-------
Melee: Hand axe          |    74 |   190 |    88 |       ||   352
       Battleaxe         |       |       |   136 |       ||   136
       Broad axe         |       |       |   163 |   489 ||   652
 Fire: Blowgun           |       |       |       |   137 ||   137
Throw: Tomahawk          |       |       |     5 |    12 ||    17
       Throwing net      |       |       |       |     4 ||     4
 Cast: Shroud of Golubri |       |     3 |    30 |    62 ||    95
       Apportation       |       |     2 |    11 |    48 ||    61
       Blink             |       |     1 |     5 |    17 ||    23
       Portal Projectile |       |       |     1 |     2 ||     3
       Teleport Other    |       |       |       |     8 ||     8
Evoke: Wand              |       |     6 |    14 |    28 ||    48
  Use: Potion            |       |     2 |     4 |     8 ||    14
       Scroll            |       |     1 |    14 |    10 ||    25
 Stab: Paralysed         |       |     5 |     6 |       ||    11
       Sleeping          |       |     1 |       |     1 ||     2
       Distracted        |       |       |       |     1 ||     1
       Held in net/web   |       |       |       |     1 ||     1
  Eat: Chunk             |     1 |     6 |    16 |    24 ||    47
       Fruit             |       |       |     2 |       ||     2
       Beef jerky        |       |       |     2 |     1 ||     3
       Pizza             |       |       |       |     2 ||     2
       Meat ration       |       |       |       |     1 ||     1
